 Dungeon Crawl Stone Soup version 0.29-a0-416-g83a48905f1 (webtiles) character file.

Game seed: 13816465716847810511

295 hquester the Agent of Entropy (level 6, -1/42 (48) HPs)
             Began as a Demonspawn Abyssal Knight on May 16, 2022.
             Was a Priest of Lugonu.
             Slain by an ogre
             ... wielding a +0 giant spiked club
              (27 damage)
             ... on level 5 of the Dungeon.
             The game lasted 00:07:35 (3985 turns).

hquester the Agent of Entropy (DsAK)                Turns: 3985, Time: 00:07:36

HP:   -1/42 (48)    AC:  6    Str: 13    XL:     6   Next: 11%
MP:   8/8           EV: 12    Int: 19    God:    Lugonu [***...]
Gold: 191           SH:  0    Dex: 14    Spells: 8/8 levels left

rFire   + . .      SeeInvis .   a - +2 short sword
rCold   . . .      Faith    +   (no shield)
rNeg    . . .      Spirit   .   b - +0 leather armour
rPois   .          Reflect  .   (no helmet)
rElec   .          Harm     .   (no cloak)
rCorr   .          Rampage  .   (no gloves)
Will    .....                   j - +0 pair of boots
Stlth   ++........              p - amulet of faith
HPRegen 0.14/turn               n - ring of protection from fire
MPRegen 0.11/turn               q - +6 ring of intelligence

@: heavily drained
A: slimy green scales 1, demonic guardian 1, ignite blood 1
a: Renounce Religion, Depart the Abyss, Bend Space, Banish


You were on level 5 of the Dungeon.
You worshipped Lugonu.
Lugonu was most pleased with you.
You visited 1 branch of the dungeon, and saw 5 of its levels.
You visited the Abyss 1 time.

You collected 191 gold pieces.

Inventory:

Hand Weapons
 a - a +2 short sword (weapon)
Armour
 b - a +0 leather armour (worn)
 j - a +0 pair of boots (worn)
Jewellery
 e - an amulet of the acrobat
 n - a ring of protection from fire (left hand)
 p - an amulet of faith (around neck)
 q - a +6 ring of intelligence (right hand)
Scrolls
 k - a scroll of amnesia
 r - a scroll of fear {unknown}
 s - a scroll of identify {unknown}
Potions
 c - 2 potions of curing {unknown}
 d - a potion of brilliance {unknown}
 f - a potion of haste {unknown}
 g - 2 potions of attraction {unknown}
 h - 3 potions of magic {unknown}
 i - a potion of degeneration {unknown}
 l - a potion of invisibility {unknown}
 m - a potion of heal wounds {unknown}
 o - a potion of mutation {unknown}


   Skills:
 + Level 3.8 Fighting
 + Level 2.7 Short Blades
 + Level 2.7 Armour
 + Level 2.1 Dodging
 + Level 1.8 Stealth
 + Level 1.6 Spellcasting
 + Level 3.9 Invocations


You had 8 spell levels left.
You didn't know any spells.
Your spell library contained the following spells:

 Spells                   Type           Power      Damage    Failure   Level
 Magic Dart               Conj           4%         1d3       22%         1
 Searing Ray              Conj           2%         2d4       34%         2
 Fulminant Prism          Conj/Hex       0%         3d6       92%         4


Dungeon Overview and Level Annotations

Branches:
Dungeon (5/15)             Temple (0/1) D:4

Altars:


Innate Abilities, Weirdness & Mutations

You are partially covered in slimy green scales. (AC +2)
A weak demonic guardian rushes to your aid.
Your demonic aura sometimes causes spilled blood to erupt in flames.


Message History

There is a stone staircase leading up, spattered with blood here.
Your ufetubus closely misses the adder.
Your ufetubus barely misses the adder.
The wight hits you with a +0 flail.
The wight hits you with a +0 long sword!
You feel drained. The wight attacks as you move away!
The wight hits you with a +0 long sword!
* * * LOW HITPOINT WARNING * * *
Your ufetubus misses the adder. Your ufetubus hits the adder.
The wight attacks as you move away! The wight barely misses you.
Your ufetubus misses the adder. x2
The wight hits you with a +0 long sword.
* * * LOW HITPOINT WARNING * * *
You feel drained. The wight attacks as you move away!
The wight closely misses you.
Your ufetubus hits the adder.
Your ufetubus closely misses the adder.
The wight attacks as you move away! The wight hits you with a +0 flail.
* * * LOW HITPOINT WARNING * * *
You feel drained.
* * * LOW HITPOINT WARNING * * *
The wight hits you with a +2 great sword.
* * * LOW HITPOINT WARNING * * *
You feel drained.
Unknown command.
Your ufetubus barely misses the adder.
Your ufetubus closely misses the adder.
The wight attacks as you move away! The wight closely misses you.
Your ufetubus barely misses the adder.
Your ufetubus hits the adder.
There is a stone staircase leading down, spattered with blood here.
You climb downwards.
There is a stone staircase leading up here.
You start resting.
An ogre comes into view. It is wielding a +0 giant spiked club.
A shadow imp comes into view.
Found a short sword.
The shadow imp shouts, "Scamper home, thou jarring two-tin-hat foot-licker!"
An ice beast comes into view.
You barely miss the ogre.
The ogre hits you with a +0 giant spiked club!!
Ouch! That really hurt!
You die...

#Y... #....
##5.. ...#
)..## #...##
##O...###
#.@.....#
##.........
##....##....
##...### ..#
##.<### #
#.### #.##
##


You could see an ice beast, an ogre and a shadow imp.

Vanquished Creatures
  A kobold brigand (D:3)
  Blork the orc (D:4)
  3 adders (D:3)
  A worm (D:3)
  3 dart slugs
  2 orcs
  3 ball pythons
  10 endoplasms
  4 giant cockroaches
  2 goblins
  3 hobgoblins
  3 quokkas
  3 bats (D:1)
  2 frilled lizards
  7 kobolds
  A rat (D:1)
49 creatures vanquished.

Vanquished Creatures (collateral kills)
  A hound (D:2)
  A jelly (D:3)
  An adder (D:2)
  A giant cockroach (D:2)
4 creatures vanquished.

Grand Total: 53 creatures vanquished

Notes
Turn   | Place    | Note
-------+----------+-------------------------------------------
     0 | Abyss:1  | hquester the Demonspawn Abyssal Knight began the quest for
                  | the Orb.
     0 | Abyss:1  | Reached XP level 1. HP: 18/18 MP: 2/2
    16 | Abyss:1  | Found a hide-covered altar of Uskayaw.
    30 | Abyss:1  | Noticed a hornet
    31 | D:1      | Escaped the Abyss
    68 | D:1      | Found a faded altar of an unknown god.
   231 | D:1      | Reached skill level 1 in Dodging
   325 | D:1      | Gained mutation: A weak demonic guardian rushes to your
                  | aid. [demonic ancestry]
   325 | D:1      | Reached XP level 2. HP: 24/24 MP: 3/3
   329 | D:1      | Reached ** piety under Lugonu
  1247 | D:2      | Gained mutation: Your demonic aura sometimes causes spilled
                  | blood to erupt in flames. [demonic ancestry]
  1247 | D:2      | Reached XP level 3. HP: 25/29 MP: 5/5
  1721 | D:2      | Reached XP level 4. HP: 29/35 MP: 6/6
  2224 | D:3      | Reached skill level 1 in Stealth
  2638 | D:3      | Noticed a kobold brigand
  2644 | D:3      | Killed a kobold brigand
  2645 | D:3      | Reached skill level 1 in Spellcasting
  2645 | D:3      | Gained mutation: You are partially covered in slimy green
                  | scales. (AC +2) [demonic ancestry]
  2645 | D:3      | Reached XP level 5. HP: 35/41 MP: 7/7
  3049 | D:3      | Reached *** piety under Lugonu
  3477 | D:4      | Noticed Blork the orc
  3491 | D:4      | Killed Blork the orc
  3492 | D:4      | Reached XP level 6. HP: 23/48 MP: 8/8
  3519 | D:4      | Found a staircase to the Ecumenical Temple.
  3825 | D:5      | Entered Level 5 of the Dungeon
  3984 | D:5      | Noticed an ice beast
  3985 | D:5      | Slain by an ogre

Illustrated notes

Levels and vault maps discovered:
D:1:      lemuel_arrival_hallway, layout_basic,
          ebering_ecumenical_altar_abandoned
D:2:      layout_rooms
D:3:      layout_loops_ring, chequers_serial_rivers_micro_b
D:4:      layout_rooms, minmay_temple_entry_ruins, uniq_edmund,
          uniq_blork_the_orc
D:5:      layout_layer_cave, nicolae_overflow_crystal_walls,
          nicolae_ashenzari_panopticon, uniq_duvessa

Skill      XL: |  1  2  3  4  5 |
---------------+----------------+-----
Dodging        | 1 2 |  2.1
Short Blades   | 2 |  2.7
Armour         | 2 |  2.7
Invocations    | 3 |  3.9
Stealth        | 1 |  1.8
Spellcasting   | 1 |  1.6
Fighting       | |  3.8

Action                   |  1- 3 |  4- 6 || total
-------------------------+-------+-------++-------
Melee: Short sword       |    91 |   101 ||   192
       Punch             |       |     3 ||     3
Invok: Depart the Abyss  |     1 |       ||     1
  Use: Scroll            |       |     5 ||     5
 Stab: Sleeping          |     2 |     3 ||     5
       Distracted        |       |     1 ||     1
Armor: Leather armour    |    29 |    15 ||    44
Dodge: Dodged            |    53 |    55 ||   108

Table legend: (Time is in decaauts)
 A = Elapsed time spent in this place.
 B = Non-inter-level travel time spent in this place.
 C = Inter-level travel time spent in this place.
 D = Time resting spent in this place.
 E = Time spent auto-exploring this place.
 F = Levels seen in this place.
 G = Mean time per level.
                   A        B        C        D        E       F      G
               +--------+--------+--------+--------+--------+-----+--------+
         Total |   3980 |   3823 |    157 |    620 |   2624 |   6 |  663.3 |
       Dungeon |   3949 |   3792 |    157 |    620 |   2596 |   5 |  789.8 |
         Abyss |     31 |     31 |      0 |      0 |     28 |   1 |   31.0 |
               +--------+--------+--------+--------+--------+-----+--------+

Top non-repeatable levels by time:
     D:3: 1514 daAuts
     D:1: 1208 daAuts
     D:2: 963 daAuts
     D:5: 159 daAuts
     D:4: 103 daAuts
 Abyss:1: 31 daAuts
